 Dungeon Crawl Stone Soup version 0.23.2-33-g5129a83184 (webtiles) character file.

Game seed: 16049259163298747708

647 Rwicked2 the Magician (level 7, 0/36 (38) HPs)
             Began as a Deep Elf Fire Elementalist on July 30, 2019.
             Was an Initiate of Sif Muna.
             Killed by vampiric draining
             ... invoked by a vampire
              (15 damage)
             ... on level 5 of the Dungeon.
             The game lasted 00:20:35 (4912 turns).

Rwicked2 the Magician (Deep Elf Fire Elementalist)  Turns: 4912, Time: 00:20:36

HP:   0/36 (38)     AC:  4    Str:  5    XL:     7   Next: 27%
MP:   1/17          EV: 14    Int: 24    God:    Sif Muna [......]
Gold: 215           SH:  0    Dex: 15    Spells: 8/17 levels left

rFire    . . .     SeeInvis .   n - +8 quarterstaff (chaos)
rCold    . . .     Gourm    .   (shield currently unavailable)
rNeg     . . .     Faith    .   a - +0 robe
rPois    .         Spirit   .   (no helmet)
rElec    .         Reflect  .   o - +0 cloak
rCorr    .         Harm     .   j - +0 pair of gloves
MR       .....                  (no boots)
Stlth    ++........             (no amulet)
HPRegen  0.12/turn              i - ring of wizardry
MPRegen  0.15/turn              k - +2 ring of intelligence

@: no status effects
A: no striking features
a: Renounce Religion


You were on level 5 of the Dungeon.
You worshipped Sif Muna.
Sif Muna was noncommittal.
You were not hungry.

You visited 1 branch of the dungeon, and saw 5 of its levels.
You also visited: Sewer.

You collected 215 gold pieces.

Inventory:

Hand Weapons
 n - a +8 quarterstaff of chaos (weapon)
Missiles
 g - 199 stones (quivered)
Armour
 a - a +0 robe (worn)
 j - a +0 pair of gloves (worn)
 o - a +0 cloak (worn)
Jewellery
 i - a ring of wizardry (left hand)
 k - a +2 ring of intelligence (right hand)
Wands
 r - a wand of flame (21)
Scrolls
 l - 3 scrolls of blinking
 p - 3 scrolls of fog {unknown}
 q - 2 scrolls of teleportation
 t - a scroll of identify
 x - a scroll of random uselessness {unknown}
 y - 2 scrolls of remove curse {unknown}
Potions
 d - 5 potions of curing
 e - 2 potions of flight {unknown}
 f - 2 potions of magic {unknown}
 h - 4 potions of heal wounds
 m - 2 potions of might {unknown}
 s - 2 potions of berserk rage {unknown}
 u - a potion of ambrosia {unknown}
 v - 2 potions of mutation {unknown}
Comestibles
 b - 2 chunks of flesh
 c - 8 rations


   Skills:
 + Level 1.4 Fighting
 + Level 1.5 Staves
 + Level 3.5 Dodging
 - Level 2.4 Stealth
 + Level 5.8 Spellcasting
 + Level 4.4 Conjurations
 + Level 5.4 Fire Magic
 + Level 1.4 Evocations


You had 8 spell levels left.
You knew the following spells:

 Your Spells              Type           Power        Failure   Level  Hunger
a - Flame Tongue          Conj/Fire      ####.        1%          1    None
b - Conjure Flame         Conj/Fire      ####....     1%          3    #......
c - Fireball              Conj/Fire      ####......   12%         5    #####..

Your spell library contained the following spells:

 Spells                   Type           Power        Failure   Level  Hunger
 Throw Flame              Conj/Fire      ####..       1%          2    None
 Inner Flame              Hex/Fire       ###.....     3%          3    #......
 Sticky Flame             Conj/Fire      ####....     4%          4    ###....


Dungeon Overview and Level Annotations

Branches:
Dungeon (5/15)
 Temple: D:4-7

Altars:
Sif Muna
Xom
Yredelemnul


Message History

Press: ? - help, Shift-Dir - straight line The flame tongue hits something but does no damage.
You hear some strange, mumbled words.
You are confused.
You're too confused to cast spells.
Unknown command.
You barely miss something.
Unholy energy fills the air.
You hear some strange, mumbled words.
Something tries to affect you, but you resist.
You feel less confused.
You hit something but do no damage. Something hits you but does no damage.
Something bites you.
Something draws strength from your injuries!
You hit something. You burn something.
Unholy energy fills the air.
Casting: Flame Tongue (safe; 1% risk of failure)
Confirm with . or Enter, or press ? or * to list all spells.
Aiming: Flame Tongue (safe; 1% risk of failure)
Press: ? - help, Shift-Dir - straight line Unholy energy fills the air.
You die...

#.....###≈≈≈≈≈≈
#......#≈≈≈≈≈≈≈
#.....##≈≈≈≈≈≈≈
#.....##≈≈≈≈≈≈≈
#......'.......
#......'.......
#.####.#≈≈≈≈≈≈≈ #.
##.#≈≈≈≈≈≈≈ #
#.@#≈≈≈≈≈≈≈ ###
##{.##≈≈≈≈≈≈
.....##....##≈≈≈≈≈
.%.........# #≈≈≈≈
......##...#
.....# #...# .....
.#### .... . ...
##


There were no monsters in sight!

Vanquished Creatures
  The ghost of Darlok3d the Slasher, an amateur GnWn (D:4)
  A necrophage (D:2)
  An orc priest (D:2)
  A bullfrog skeleton (D:4)
  Crazy Yiuf (D:2)
  2 orc wizards
  An iguana (D:3)
  13 adders
  5 worms
  3 dart slugs
  A leopard gecko (D:5)
  10 orcs
  A ball python (Sewer)
  7 giant cockroaches
  7 goblins
  9 hobgoblins
  14 jackals
  13 bats
  10 frilled lizards
  10 kobolds
  A leopard gecko skeleton (D:4)
  11 rats
  4 plants (Sewer)
127 creatures vanquished.

Vanquished Creatures (others)
  3 fungi (D:2)
3 creatures vanquished.

Grand Total: 130 creatures vanquished

Notes
Turn   | Place    | Note
-------+----------+-------------------------------------------
     0 | D:1      | Rwicked2 the Deep Elf Fire Elementalist began the quest for
                  | the Orb.
     0 | D:1      | Reached XP level 1. HP: 10/10 MP: 6/6
   212 | D:1      | Reached XP level 2. HP: 15/15 MP: 1/8
   731 | D:1      | Reached XP level 3. HP: 19/19 MP: 10/10
  1446 | D:2      | Found a faded altar of an unknown god.
  1514 | D:2      | Reached XP level 4. HP: 20/24 MP: 6/12
  1616 | D:2      | Noticed a necrophage
  1629 | D:2      | Killed a necrophage
  1629 | D:2      | Reached skill level 5 in Spellcasting
  1629 | D:2      | Reached XP level 5. HP: 6/26 MP: 2/14
  1975 | D:2      | Learned a level 3 spell: Conjure Flame
  1981 | D:2      | Learned a level 5 spell: Fireball
  2023 | D:2      | Found a runed translucent door.
  2024 | D:2      | Noticed Crazy Yiuf
  2032 | D:2      | Killed Crazy Yiuf
  2229 | D:3      | Reached XP level 6. HP: 31/31 MP: 12/15
  2241 | D:3      | Reached skill level 5 in Fire Magic
  2249 | D:3      | Found a glowing drain.
  2283 | Sewer    | Entered a sewer
  3544 | D:3      | Reached skill level 1 in Fighting
  3737 | D:3      | Reached skill level 1 in Staves
  3968 | D:4      | Found a transporter.
  3974 | D:4      | Noticed Darlok3d's ghost (amateur GnWn)
  3977 | D:4      | Found a transporter.
  4409 | D:4      | Found a basalt altar of Yredelemnul.
  4413 | D:4      | Found a shimmering altar of Xom.
  4413 | D:4      | Found a deep blue altar of Sif Muna.
  4651 | D:4      | Reached skill level 1 in Evocations
  4651 | D:4      | Reached XP level 7. HP: 36/36 MP: 10/17
  4717 | D:4      | Killed Darlok3d's ghost
  4789 | D:4      | Became a worshipper of Sif Muna the Loreminder
  4824 | D:5      | Entered Level 5 of the Dungeon
  4877 | D:5      | Noticed a vampire
  4912 | D:5      | Killed from afar by a vampire

Skill      XL: |  1  2  3  4  5  6 |
---------------+-------------------+-----
Conjurations   | 2 3 4 |  4.4
Fire Magic     | 4 5 |  5.4
Spellcasting   | 4 5 |  5.8
Dodging        | 3 |  3.5
Fighting       | 1 |  1.4
Staves         | 1 |  1.5
Evocations     | 1 |  1.4
Stealth        | |  2.4

Action                   |  1- 3 |  4- 6 |  7- 9 || total
-------------------------+-------+-------+-------++-------
Melee: Unarmed           |     2 |       |       ||     2
       Dagger            |    43 |       |       ||    43
       Quarterstaff      |       |    69 |     3 ||    72
 Cast: Flame Tongue      |    70 |   152 |    26 ||   248
       Fireball          |       |     1 |       ||     1
       Conjure Flame     |       |       |     1 ||     1
  Use: Scroll            |       |     8 |       ||     8
 Stab: Sleeping          |     4 |     2 |       ||     6
  Eat: Chunk             |     1 |    10 |     2 ||    13
Armor: Robe              |    25 |    17 |     1 ||    43
Dodge: Dodged            |    55 |    52 |     1 ||   108
